 Dungeon Crawl Stone Soup version 0.25.0-37-gb73750e0fb (webtiles) character file.

Game seed: 15353977408580608668

52 ANON1729 the Caller (level 3, -2/24 HPs)
             Began as a Mummy Summoner on July 8, 2020.
             Slain by an orc
             ... wielding a +2 morningstar of holy wrath
              (13 damage)
             ... on level 3 of the Dungeon.
             The game lasted 00:04:37 (3160 turns).

ANON1729 the Caller (Mummy Summoner)                Turns: 3160, Time: 00:04:45

Health: -2/24      AC:  2    Str: 11    XL:     3   Next: 60%
Magic:  7/7        EV: 12    Int: 14    God:
Gold:   62         SH:  0    Dex: 13    Spells: 5/8 levels left

rFire    x . .     SeeInvis .   c - +0 dagger (freeze)
rCold    + . .     Gourm    .   (no shield)
rNeg     + + +     Faith    .   a - +0 robe
rPois    ∞         Spirit   .   (no helmet)
rElec    .         Reflect  .   (no cloak)
rCorr    .         Harm     .   (no gloves)
MR       .....                  (no boots)
Stlth    +++.......             (no amulet)
HPRegen  0.08/turn              g - ring of stealth
MPRegen  0.10/turn              (no ring)

@: no status effects
A: no food or potions, fire vulnerability, cold resistance 1, negative energy
resistance 3, torment resistance, unbreathing
a: no special abilities


You were on level 3 of the Dungeon.
You were not hungry.

You visited 1 branch of the dungeon, and saw 3 of its levels.

You collected 62 gold pieces.

Inventory:

Hand Weapons
 c - a +0 dagger of freezing (weapon)
 d - a +0 club
Missiles
 e - 2 javelins (quivered)
Armour
 a - a +0 robe (worn)
Jewellery
 g - a ring of stealth (left hand)
Scrolls
 b - a scroll of fear {unknown}
 f - a scroll of remove curse {unknown}


   Skills:
 + Level 2.1 Dodging
 + Level 2.1 Stealth
 + Level 3.3 Spellcasting
 + Level 3.6 Summonings


You had 5 spell levels left.
You knew the following spells:

 Your Spells              Type           Power        Failure   Level  Hunger
a - Summon Small Mammal   Summ           ##..         4%          1    N/A
b - Call Imp              Summ           ##......     7%          2    N/A

Your spell library contained the following spells:

 Spells                   Type           Power        Failure   Level  Hunger
 Call Canine Familiar     Summ           ##......     14%         3    N/A
 Summon Guardian Golem    Hex/Summ       #.......     28%         3    N/A
 Summon Ice Beast         Ice/Summ       #.......     67%         4    N/A
 Summon Lightning Spire   Summ/Air       #.......     67%         4    N/A

Dungeon Overview and Level Annotations

Branches:
Dungeon (3/15)

Altars:


Innate Abilities, Weirdness & Mutations

You do not eat or drink.
Your flesh is vulnerable to fire.
You are immune to poison.
Your flesh is cold resistant. (rC+)
You are immune to negative energy. (rN+++)
You are immune to unholy pain and torment.
You can survive without breathing.


Message History

A bat is nearby!
A giant cockroach comes into view.
A bat and a giant cockroach come into view.
You see here 17 gold pieces.
The bat hits you.
You hit the bat. You freeze the bat.
You kill the bat!
The bat closely misses you.
A rat and an orc come into view.
The orc is wielding a +2 morningstar of holy wrath.
The bat barely misses you.
You see here a bat corpse.
The bat barely misses you.
You closely miss the orc. The bat hits you but does no damage.
The bat barely misses you. The bat misses you.
The orc hits you with a +2 morningstar of holy wrath!
Ouch! That really hurt!
You convulse!
Ouch! That really hurt!
You die...

#####.... .......#
. ......# .#
#....#.### ..
....#s..# .. #
##.###.##.## .##
#.##.....#.#.o#.s.#
#......###.##@.#
#.##..#..#$.b### #
##.##$.###.b..#
#..##.# r####
.###....#.( #.
#........##.####..
.######....##......
...................
.........######.##.


You could see an orc, a giant cockroach (asleep) and a bat.

Vanquished Creatures
  An adder (D:2)
  A worm (D:2)
  A dart slug (D:2)
  A giant cockroach (D:1)
  2 goblins (D:2)
  3 hobgoblins
  A bat (D:3)
  2 frilled lizards
  2 kobolds (D:2)
  6 rats
20 creatures vanquished.

Vanquished Creatures (collateral kills)
  An adder (D:3)
  2 worms (D:3)
  2 dart slugs
  2 bats (D:1)
  A giant cockroach (D:1)
  5 goblins
  2 hobgoblins (D:2)
  3 jackals (D:1)
  A kobold (D:1)
  3 rats (D:1)
22 creatures vanquished.

Grand Total: 42 creatures vanquished

Notes
Turn   | Place    | Note
-------+----------+-------------------------------------------
     0 | D:1      | ANON1729 the Mummy Summoner began the quest for the Orb.
     0 | D:1      | Reached XP level 1. HP: 13/13 MP: 4/4
   612 | D:1      | Reached XP level 2. HP: 19/19 MP: 5/5
  1441 | D:1      | Learned a level 2 spell: Call Imp
  2392 | D:2      | Reached XP level 3. HP: 17/24 MP: 4/7
  3160 | D:3      | Slain by an orc

Illustrated notes

Levels and vault maps discovered:
D:1:      tarquinn_simple_flora_water_a, layout_rooms
D:2:      layout_loops_ring, first_ration
D:3:      layout_loops_ring, dk_noncrumbling_4, minmay_pentomino_pile,
          uniq_natasha

Skill      XL: |  1  2 |
---------------+-------+-----
Spellcasting   | 3 |  3.3
Stealth        | 2 |  2.1
Dodging        | 2 |  2.1
Summonings     | |  3.6

Action                   || total
-------------------------++-------
Melee: Unarmed           ||    68
       Dagger            ||    45
Throw: Javelin           ||     4
 Cast: Summon Small Mamm ||    43
       Call Imp          ||     4
 Stab: Distracted        ||     2
       Sleeping          ||     3
Armor: Robe              ||    39
Dodge: Dodged            ||   106
